 Dungeon Crawl Stone Soup version 0.31-a0-18-gea43df2a32 (webtiles) character file.

Game seed: 7551549684718002580

147 IdlyInterested the Trooper (level 5, -2/42 HPs)
             Began as a Demonspawn Wanderer on May 10, 2023.
             Slain by a water moccasin (6 damage)
             ... on level 4 of the Dungeon.
             The game lasted 00:09:20 (3480 turns).

IdlyInterested the Trooper (Demonspawn Wanderer)    Turns: 3480, Time: 00:09:21

Health: -2/42      AC:  8    Str: 15    XL:     5   Next: 8%
Magic:  9/9        EV:  7    Int: 15    God:
Gold:   148        SH:  0    Dex: 16    Spells: 10/10 levels left

rFire   . . .        a - +0 falchion
rCold   . . .        (no shield)
rNeg    . . .        h - +0 chain mail
rPois   .            (helmet restricted)
rElec   .            (no cloak)
rCorr   .            (no gloves)
SInv    .            (no boots)
Will    .....        (no amulet) Stlth
                     f - +6 ring of strength
HPRegen 0.27/turn    (no ring)
MPRegen 0.11/turn

%: no passive effects
@: invisible
A: antennae 1
a: no special abilities


You were on level 4 of the Dungeon.
You visited 1 branch of the dungeon, and saw 4 of its levels.

You collected 148 gold pieces.

Inventory:

Hand Weapons
 a - a +0 falchion (weapon)
 g - a +0 short sword
Missiles
 k - 16 stones (quivered)
Armour
 b - a +0 ring mail
 d - a +0 scale mail
 h - a +0 chain mail (worn)
 u - a +0 plate armour
Jewellery
 f - a +6 ring of strength (left hand)
Scrolls
 c - a scroll of enchant armour {unknown}
 e - a scroll of teleportation {unknown}
 l - 2 scrolls of fear
 m - 2 scrolls of identify {unknown}
 o - a scroll of noise {unknown}
 p - a scroll of fog {unknown}
 q - a scroll of silence {unknown}
 s - a scroll of immolation {unknown}
Potions
 i - a potion of flight
 n - a potion of might {unknown}
 r - a potion of resistance
 t - a potion of mutation {unknown}
 v - 2 potions of attraction {unknown}


   Skills:
 * Level 3.9 Fighting
 + Level 1.2 Long Blades
 - Level 1.0 Throwing
 - Level 1.7 Armour
 - Level 1.0 Dodging
 - Level 1.0 Stealth
 - Level 1.0 Shields
 - Level 3.0 Spellcasting
 - Level 2.0 Evocations


You had 10 spell levels left.
You didn't know any spells.
Your spell library contained the following spells:

 Spells                   Type           Power      Damage    Failure   Level
 Kiss of Death            Conj/Necr      8%         2d6       96%         1
 Slow                     Hex            8%         N/A       96%         1
 Static Discharge         Conj/Air       4%         2-3/arc   99%         2
 Vhi's Electric Charge    Tloc/Air       4%         N/A       100%        3


Dungeon Overview and Level Annotations

Branches:
Dungeon (4/15)
 Temple: D:4-7

Altars:


Innate Abilities, Weirdness & Mutations

You have a pair of small antennae on your head.


Message History

You feel very sick. The water moccasin bites you.
The quokka bites you but does no damage.
The water moccasin bites you.
You are more poisoned.
The water moccasin poisons you!
You miss the water moccasin.
The water moccasin is moderately wounded.
* * * LOW HITPOINT WARNING * * *
You feel extremely sick. The quokka barely misses you.
The water moccasin barely misses you. The quokka bites you.
* * * LOW HITPOINT WARNING * * *
The water moccasin bites you.
* * * LOW HITPOINT WARNING * * *
You are more poisoned.
The water moccasin poisons you!
You feel better. The quokka closely misses you.
The water moccasin bites you but does no damage.
You fade into invisibility!
The water moccasin bites you but does no damage.
The quokka barely misses you.
You slash the water moccasin!
The water moccasin is severely wounded.
The water moccasin bites you.
* * * LOW HITPOINT WARNING * * *
The quokka bites you but does no damage.
The water moccasin bites you but does no damage.
The quokka completely misses you.
You closely miss the water moccasin.
The water moccasin is severely wounded.
The water moccasin closely misses you. The quokka barely misses you.
The water moccasin barely misses you.
You strike the helpless water moccasin from behind!
You hit the water moccasin but do no damage.
The water moccasin is severely wounded.
The water moccasin bites you.
* * * LOW HITPOINT WARNING * * *
The quokka barely misses you. The water moccasin bites you.
You die...

#............
...
#..........!. ##
##......#..#
#...<...#..#.
#.#........##..
............$...
..#.......(....#
.......#Sr.....#
....####@##....#
..## ### .....
.. .... .... ...


You could see a water moccasin (unable to see you) and a quokka (unable to see
you).

Vanquished Creatures
  An orc priest (D:3)
  A gnoll (D:1)
  4 adders
  A worm (D:3)
  3 dart slugs
  6 orcs (D:3)
  3 ball pythons
  5 endoplasms
  2 giant cockroaches
  5 goblins
  6 hobgoblins
  A jackal (D:1)
  4 quokkas
  6 bats
  5 frilled lizards
  2 kobolds
  3 rats
58 creatures vanquished.

Notes
Turn   | Place    | Note
-------+----------+-------------------------------------------
     0 | D:1      | IdlyInterested the Demonspawn Wanderer began the quest for
                  | the Orb.
     0 | D:1      | IdlyInterested set off with the following items: a +0
                  | falchion, a +0 ring mail, a potion of curing; and the
                  | following spells available to memorise: Kiss of Death,
                  | Slow, Static Discharge, Vhi's Electric Charge.
     0 | D:1      | Reached XP level 1. HP: 13/13 MP: 4/4
    59 | D:1      | Reached skill level 1 in Fighting
   218 | D:1      | Gained mutation: You have a pair of small antennae on your
                  | head. [demonic ancestry]
   218 | D:1      | Reached XP level 2. HP: 15/21 MP: 6/6
   645 | D:1      | Reached skill level 1 in Dodging
   773 | D:1      | Reached XP level 3. HP: 27/27 MP: 7/7
  1495 | D:2      | Reached skill level 1 in Throwing
  1951 | D:2      | Reached XP level 4. HP: 21/35 MP: 8/8
  2472 | D:3      | Reached skill level 1 in Shields
  2899 | D:3      | Reached XP level 5. HP: 42/42 MP: 9/9
  3467 | D:4      | Noticed a water moccasin
  3475 | D:4      | HP: 2/42 [water moccasin (3)]
  3480 | D:4      | Slain by a water moccasin

Illustrated notes

Levels and vault maps discovered:
D:1:      erik_arrival_cave_to_civilisation [erik_arrival_cave_to_hall],
          layout_basic
D:2:      layout_basic, minmay_tiny_reverse_x
D:3:      layout_basic, serial_bayou_pond_b
D:4:      layout_cave_pools, gammafunk_ghost_smash, minmay_goblin_outpost

Skill      XL: |  1  2  3  4 |
---------------+-------------+-----
Fighting       | 1 2 3 |  3.9
Dodging        | 1 |  1.0
Throwing       | 1 |  1.0
Shields        | 1 |  1.0
Long Blades    | |  1.2
Armour         | |  1.7
Stealth        | |  1.0
Spellcasting   | |  3.0
Evocations     | |  2.0

Action                     |  1- 3 |  4- 6 || total
---------------------------+-------+-------++-------
  Melee: Falchion          |   120 |    93 ||   213
  Throw: Stone             |     7 |       ||     7
    Use: Potion            |     2 |     4 ||     6
         Scroll            |       |     1 ||     1
   Stab: Invisible         |       |     1 ||     1
 Armour: Scale mail        |    16 |       ||    16
         Ring mail         |     7 |       ||     7
         Chain mail        |    49 |    50 ||    99
  Dodge: Dodged            |    54 |    37 ||    91

Table legend: (Time is in decaauts)
 A = Elapsed time spent in this place.
 B = Non-inter-level travel time spent in this place.
 C = Inter-level travel time spent in this place.
 D = Time resting spent in this place.
 E = Time spent auto-exploring this place.
 F = Levels seen in this place.
 G = Mean time per level.
                   A        B        C        D        E       F      G
               +--------+--------+--------+--------+--------+-----+--------+
         Total |   3534 |   3017 |    517 |    638 |   1663 |   4 |  883.5 |
       Dungeon |   3534 |   3017 |    517 |    638 |   1663 |   4 |  883.5 |
               +--------+--------+--------+--------+--------+-----+--------+

Top non-repeatable levels by time:
     D:1: 1280 daAuts
     D:3: 1205 daAuts
     D:2: 1012 daAuts
     D:4: 35 daAuts
